 Dungeon Crawl Stone Soup version 0.31.0-11-ge490571c62 (webtiles) character file.

Game seed: 11087326759135303715

37 Flugkiller the Chiller (level 3, 0/16 HPs)
             Began as a Vine Stalker Ice Elementalist on Feb 1, 2024.
             Slain by a gnoll
             ... wielding a +0 club
              (6 damage)
             ... on level 4 of the Dungeon.
             The game lasted 00:01:58 (384 turns).

Flugkiller the Chiller (VSIE)                        Turns: 384, Time: 00:01:58

Health: 0/16       AC:  2    Str: 10    XL:     3   Next: 39%
Magic:  0/8        EV: 12    Int: 17    God:
Gold:   12         SH:  0    Dex: 14    Spells: 4/8 levels left

rFire   . . .        c - +0 dagger
rCold   . . .        (no shield)
rNeg    . . .        a - +0 robe
rPois   .            (no helmet)
rElec   .            (no cloak)
rCorr   +            (no gloves)
SInv    .            (no boots)
Will    .....        (no amulet)
Stlth   ++           d - ring of resist corrosion
HPRegen 1.02/turn    (no ring)
MPRegen 0.11/turn

%: guardian spirit
@: freezing walls
A: fangs 2, regeneration 1, magic shield, antimagic bite, no potion heal 2
a: no special abilities


You were on level 4 of the Dungeon.
You visited 1 branch of the dungeon, and saw 4 of its levels.

You collected 12 gold pieces.

Inventory:

Hand Weapons
 c - a +0 dagger (weapon)
   (You took it off a goblin on level 1 of the Dungeon)
Armour
 a - a +0 robe (worn)
Jewellery
 d - a ring of resist corrosion (left hand)
   (You found it on level 1 of the Dungeon)
Scrolls
 e - a scroll of enchant armour {unknown}
 g - 4 scrolls of identify {unknown}
Potions
 b - a potion of magic
 f - a potion of haste {unknown}


   Skills:
 - Level 1.5 Dodging
 - Level 2.4 Stealth
 + Level 3.1 Spellcasting
 + Level 4.6 Ice Magic


You had 4 spell levels left.
You knew the following spells:

 Your Spells              Type           Power      Damage    Failure   Level
a - Freeze                Ice            72%        1d8       2%          1
b - Frozen Ramparts       Ice            36%        1d6       8%          3

Your spell library contained the following spells:

 Spells                   Type           Power      Damage    Failure   Level
 Ozocubu's Armour         Ice            18%        N/A       8%          3
 Summon Ice Beast         Ice/Summ       10%        N/A       21%         3


Dungeon Overview and Level Annotations

Branches:
Dungeon (4/15) Zot: 23616
 Temple: D:4-7

Altars:


Innate Abilities, Weirdness & Mutations

You have extremely sharp teeth.
Your natural rate of healing is unusually fast.
When hurt, damage is shared between your health and your magic reserves.
Your bite disrupts and absorbs the magic of your enemies.
Potions cannot restore your health.


Message History

Found a robe.
The bat hits you but does no damage.
Casting: Freeze (safe; 2% risk of failure)
Confirm with . or Enter, or press ? or * to list all spells.
Aiming: Freeze (safe; 2% risk of failure)
Press: ? - help, Shift-Dir - straight line, f - endoplasm
Aim: an endoplasm You freeze the endoplasm!
You kill the endoplasm!
The bat closely misses you.
Casting: Freeze (safe; 2% risk of failure)
Confirm with . or Enter, or press ? or * to list all spells.
You can't see any susceptible monsters within range! (Use Z to cast anyway.)
Found a leather armour.
The bat barely misses you.
You see here 12 gold pieces.
You now have 12 gold pieces.
The bat barely misses you.
Found 8 gold pieces.
The bat barely misses you. The bat closely misses you.
There is a stone staircase leading down here.
The bat closely misses you.
You climb downwards.
Found a stone staircase leading down.
There is a stone staircase leading up here.
There is a stone staircase leading down here.
You climb downwards.
Found an escape hatch in the ceiling.
There is a stone staircase leading up here.
Unknown command.
An iguana comes into view.
Found 2 fizzy white potions.
The iguana hisses angrily.
Unknown command.
Casting: Freeze (safe; 2% risk of failure)
Confirm with . or Enter, or press ? or * to list all spells.
You can't see any susceptible monsters within range! (Use Z to cast anyway.)
Casting: Freeze (safe; 2% risk of failure)
Confirm with . or Enter, or press ? or * to list all spells.
The walls around you are covered in ice.
Unknown command.
The frozen ramparts melt away as you move.
There is a stone staircase leading up here.
Unknown command.
Found a book of Air and 8 gold pieces.
A gnoll comes into view. It is wielding a +0 club.
The gnoll shouts!
Casting: Frozen Ramparts (extremely dangerous; 8% risk of failure)
Confirm with . or Enter, or press ? or * to list all spells.
The walls around you are covered in ice.
The wall freezes the iguana.
The iguana seems to slow down.
You hit the iguana. Your bite misses the iguana.
The iguana is moderately wounded.
The wall freezes the iguana.
The iguana seems to slow down.
The iguana barely misses you.
A gnoll comes into view. It is wielding a +2 heavy halberd.
Casting: Frozen Ramparts (extremely dangerous; 8% risk of failure)
Confirm with . or Enter, or press ? or * to list all spells.
Aiming: Freeze (safe; 2% risk of failure)
Press: ? - help, Shift-Dir - straight line, f - iguana
Aim: an iguana (heavily wounded, slow)
You freeze the iguana.
The iguana is almost dead.
The gnoll shouts!
The wall freezes the iguana but does no damage.
The iguana barely misses you.
Unknown command.
You hit the iguana but do no damage. You bite the iguana, but do no damage.
The iguana is almost dead.
The wall freezes the iguana but does no damage.
The iguana closely misses you.
Unknown command.
You hit the iguana but do no damage.
The iguana is almost dead.
The wall freezes the gnoll.
Unknown command.
You barely miss the iguana. Your bite misses the iguana.
The iguana is almost dead.
The wall freezes the gnoll.
The wall freezes the iguana but does no damage.
The iguana misses you.
Unknown command.
Casting: Freeze (safe; 2% risk of failure)
Confirm with . or Enter, or press ? or * to list all spells.
Aiming: Freeze (safe; 2% risk of failure)
Press: ? - help, Shift-Dir - straight line, f/p - iguana
Aim: an iguana (severely wounded, slow)
You freeze the iguana.
The iguana is almost dead.
The iguana seems to slow down.
The wall freezes the gnoll.
The gnoll hits you with a +0 club.
The wall freezes the iguana but does no damage.
The iguana bites you!
Unknown command.
Casting: Freeze (safe; 2% risk of failure)
Confirm with . or Enter, or press ? or * to list all spells.
You don't have enough magic to cast this spell.
Unknown command.
You hit the iguana.
The iguana is almost dead.
The wall freezes the gnoll.
The gnoll hits you with a +0 club.
You die...

#.............#
#.............+
#.............#
#.....l.......#
.###+####....<#
#.....# #<....#
#l....# #@....#
#g....+ #g....#
#.....# #.....#
#.....# #.....#
......# ......#


You could see an iguana (slow) and 2 gnolls.

Vanquished Creatures
  A gnoll (D:1)
  A bat (D:1)
  2 endoplasms
  3 giant cockroaches (D:1)
  3 goblins (D:1)
  A hobgoblin (D:1)
  3 jackals (D:1)
  4 frilled lizards (D:1)
  3 kobolds (D:1)
  5 rats (D:1)
26 creatures vanquished.

Notes
Turn   | Place    | Note
-------+----------+-------------------------------------------
     0 | D:1      | Flugkiller the Vine Stalker Ice Elementalist began the
                  | quest for the Orb.
     0 | D:1      | Reached XP level 1. HP: 9/9 MP: 4/4
     1 | D:1      | Noticed an electric eel
    82 | D:1      | Reached XP level 2. HP: 13/13 MP: 2/6
   264 | D:1      | Reached XP level 3. HP: 10/16 MP: 0/8
   272 | D:1      | Learned a level 3 spell: Frozen Ramparts
   384 | D:4      | Slain by a gnoll

Illustrated notes

Levels and vault maps discovered:
D:1:      arrival_aquarium_a, layout_loops_corners
D:2:      layout_basic
D:3:      layout_loops_ring, mainiacjoe_overflow_six_doors_small, serial_glass,
          glass_columns_c, glass_columns_c, glass_columns_b, glass_columns_a,
          glass_columns_c, glass_columns_b, glass_columns_c, glass_columns_b,
          glass_columns_b, glass_columns_a, chequers_serial_rivers_small_3,
          kennysheep_nondescript, minmay_pentangle
D:4:      layout_gridville, chequers_serial_rivers_small_3

Skill      XL: |  1  2 |
---------------+-------+-----
Spellcasting   | 3 |  3.1
Dodging        | |  1.5
Stealth        | |  2.4
Ice Magic      | |  4.6

Action                     || total
---------------------------++-------
  Melee: Dagger            ||    42
         Bite              ||    10
         Unarmed           ||     1
   Cast: Freeze            ||    29
         Frozen Ramparts   ||     2
 Armour: Robe              ||    39
  Dodge: Dodged            ||    50
